Match 46667698
Unlisted

Match 46667698
End
Kettenkrad Recon Vehicle
Construct Infanterie Kompanie
MG 42 Machine Gun Team
Grenadier Squad
GrW 34 Mortar Team
Construct Panzergrenadier Kompanie
Panzergrenadier Squad
Selects Italian Coastal Battlegroup
Selects Support Bunkers
Medical Station
Pak 40 Anti-tank Gun Team
Support Elements
Nebelwerfer 42 Rocket Launcher Team
Selects Rapid Fortifications
StuG III G Assault Gun
Panzergrenadier Officer Quarters
Rapid Fortifications
MG 42 Bunker
Selects Bulwark
Panzergrenadier Squad
Rapid Fortifications
Selects Coastal Reserves
Selects Artillery Officer
StuG III G Assault Gun
MG 42 Bunker
Panzergrenadier Squad
Rapid Fortifications
Tatari◑。
BurningPotato
しばる
Blackoutt78
{SIN7}Pattyrickroll
旧日支配者
0
0

Comments sign in to comment!

No comments posted yet!